 Dungeon Crawl Stone Soup version 0.20.1-1-g8b1a95d (webtiles) character file.

30 potam12345 the Skirmisher (level 3, 0/24 HPs)
             Began as a Gargoyle Monk on July 8, 2017.
             Slain by a quokka (2 damage)
             ... on level 2 of the Dungeon.
             The game lasted 00:03:54 (821 turns).

potam12345 the Skirmisher (Gargoyle Monk)            Turns: 821, Time: 00:03:55

Health: 0/24       AC:  5    Str: 15    XL:     3   Next: 18%
Magic:  3/3        EV: 13    Int: 10    God:
Gold:   36         SH:  0    Dex: 12    Spells: 2/2 levels left

rFire    . . .     SeeInvis .   a - +0 falchion
rCold    . . .     Gourm    .   (no shield)
rNeg     + . .     Faith    .   b - +0 robe
rPois    ∞         Spirit   .   (no helmet)
rElec    +         Reflect  .   (no cloak)
rCorr    .         Harm     .   (no gloves)
MR       .....                  (no boots)
Stlth    ++........             (no amulet)
Regen    0.1/turn               (no ring)
MPRegen  0.1/turn               (no ring)

@: no status effects
A: negative energy resistance 1, electricity resistance, unbreathing,
petrification resistance, rot immunity, AC +3
a: no special abilities


You were on level 2 of the Dungeon.
You were not hungry.

You visited 1 branch of the dungeon, and saw 2 of its levels.

You collected 36 gold pieces.

Inventory:

Hand Weapons
 a - a +0 falchion (weapon)
 d - a cursed -3 dagger
Missiles
 i - 25 bolts
 j - 23 arrows
Armour
 b - a +0 robe (worn)
 k - a +0 ring mail
 m - a +0 ring mail
Jewellery
 l - an uncursed ring of fire {unknown}
Scrolls
 e - a scroll of identify
Potions
 g - a potion of haste {unknown}
 h - a potion of heal wounds {unknown}
 n - a potion of curing {unknown}
Comestibles
 c - 3 bread rations
 f - a meat ration
 o - a royal jelly


   Skills:
 + Level 3.9 Fighting
 + Level 3.1 Long Blades
 + Level 2.6 Dodging
 + Level 2.2 Stealth


You had 2 spell levels left.
You didn't know any spells.

Dungeon Overview and Level Annotations

Branches:
Dungeon (2/15)

Altars:


Innate Abilities, Weirdness & Mutations

You are resistant to torment.
Your stone body is resilient. (AC +3)
You are immune to poison.
You resist negative energy. (rN+)
You are resistant to electric shocks. (rElec)
You can survive without breathing.
You are immune to petrification.
You are immune to rotting.


Message History

You miss the leopard gecko.
The leopard gecko is severely wounded.
The leopard gecko misses you.
You riposte.
You barely miss the leopard gecko.
The leopard gecko is severely wounded.
You hit the leopard gecko but do no damage.
The leopard gecko is severely wounded.
The leopard gecko bites you.
* * * LOW HITPOINT WARNING * * *
The leopard gecko misses you.
You miss the leopard gecko.
The leopard gecko is severely wounded.
The leopard gecko bites you but does no damage.
You hit the leopard gecko but do no damage.
The leopard gecko is severely wounded.
The leopard gecko closely misses you.
You riposte.
You hit the leopard gecko.
You kill the leopard gecko!
You closely miss the quokka. The quokka barely misses you.
The quokka misses you.
You riposte.
You miss the quokka. The quokka bites you.
You die...

#. .. ?. #.# # . .#
#.# #. ##. ###.#
##.## . ... ....
##...###.#.# #r.
##.....##.#.# #.#
#........#..####)#
#...†...###..r.?.#
#........#@r###..#
##.....##.#.# #..#
##..<###.#.###..###
##### #...........
###).##.### #..##.#
#...... ##...%.
####....


You could see a quokka and a rat.

Vanquished Creatures
  An adder (D:2)
  An ooze (D:1)
  A dart slug (D:1)
  A leopard gecko (D:2)
  A goblin (D:1)
  3 hobgoblins
  3 bats (D:1)
  A frilled lizard (D:1)
  A kobold (D:2)
  A rat (D:1)
14 creatures vanquished.

Notes
Turn   | Place    | Note
-------+----------+-------------------------------------------
     0 | D:1      | potam12345 the Gargoyle Monk began the quest for the Orb.
     0 | D:1      | Reached XP level 1. HP: 14/14 MP: 1/1
     2 | D:1      | Noticed a human
     4 | D:1      | Noticed a draconian
     4 | D:1      | Noticed a halfling
     6 | D:1      | Noticed a gargoyle
     8 | D:1      | Noticed a merfolk
    10 | D:1      | Noticed a troll
    10 | D:1      | Noticed a centaur
    12 | D:1      | Noticed a demonspawn
    12 | D:1      | Noticed a tengu
    14 | D:1      | Noticed a vampire
    14 | D:1      | Noticed a naga
    16 | D:1      | Noticed an ogre
    18 | D:1      | Noticed a felid
    18 | D:1      | Noticed a demigod
    20 | D:1      | Noticed a vine stalker
    20 | D:1      | Noticed an elf
    22 | D:1      | Noticed a formicid
    22 | D:1      | Noticed an octopode
    24 | D:1      | Noticed a dwarf
    24 | D:1      | Noticed a ghoul
    26 | D:1      | Noticed a spriggan
    26 | D:1      | Noticed a minotaur
   205 | D:1      | Reached XP level 2. HP: 17/19 MP: 2/2
   777 | D:2      | Reached XP level 3. HP: 19/24 MP: 3/3
   821 | D:2      | Slain by a quokka

Skill      XL: |  1  2 |
---------------+-------+-----
Long Blades    | 3 |  3.1
Fighting       | |  3.9
Dodging        | |  2.6
Stealth        | |  2.2

Action                   || total
-------------------------++-------
Melee: Falchion          ||    61
  Use: Scroll            ||     2
Armor: Robe              ||    14
Dodge: Dodged            ||    48
       Rpst.: Falchion   ||    21
